 Dungeon Crawl Stone Soup version 0.32-a0-673-g3729bd50f8 (webtiles) character file.

Game seed: 17101095850803764313

88 seaoflcl the Covered (level 4, -5/35 HPs)
             Began as a Human Fighter on Mar 10, 2024.
             Killed by divine providence
             ... invoked by an orc priest
              (10 damage)
             ... on level 3 of the Dungeon.
             The game lasted 00:03:23 (2209 turns).

seaoflcl the Covered (Human Fighter)                Turns: 2209, Time: 00:03:24

Health: -5/35      AC:  8    Str: 19    XL:     4   Next: 54%
Magic:  4/4        EV:  9    Int:  8    God:
Gold:   127        SH:  4    Dex: 12    Spells: 3/3 levels left

rFire   . . .        n - +0 short sword (freeze)
rCold   . . .        c - +0 buckler
rNeg    . . .        b - +0 scale mail
rPois   .            (no helmet)
rElec   .            (no cloak)
rCorr   .            k - +0 pair of gloves
SInv    .            (no boots)
Will    .....        (no amulet) Stlth
                     (no ring)
HPRegen 0.25/turn    (no ring)
MPRegen 0.09/turn

%: no passive effects
@: mighty
A: explore regen
a: Convert to Beogh


You were on level 3 of the Dungeon.
You visited 1 branch of the dungeon, and saw 3 of its levels.

You collected 127 gold pieces.

Inventory:

Hand Weapons
 a - a +0 long sword
 n - a +0 short sword of freezing (weapon)
Armour
 b - a +0 scale mail (worn)
 c - a +0 buckler (worn)
 k - a +0 pair of gloves (worn)
Scrolls
 e - a scroll of blinking {unknown}
 f - 10 scrolls of identify {unknown}
 h - 3 scrolls of teleportation {unknown}
 l - a scroll of fear {unknown}
Potions
 g - a potion of cancellation {unknown}
 i - a potion of enlightenment {unknown}
 j - a potion of curing {unknown}
 m - a potion of heal wounds {unknown}


   Skills:
 + Level 3.5 Fighting
 * Level 0.1(1.6) Short Blades
 + Level 2.7(2.8) Long Blades
 + Level 3.6 Armour
 + Level 0.3 Dodging
 + Level 0.1 Stealth
 + Level 3.6 Shields
 * Level 0.1 Spellcasting


You had 3 spell levels left.
You didn't know any spells.
Your spell library contained the following spells:

 Spells                   Type           Power      Damage    Failure   Level
 Hailstorm                Conj/Ice       0%         3d5       99%         3
 Summon Ice Beast         Ice/Summ       0%         N/A       99%         3
 Sculpt Simulacrum        Ice/Alch       0%         N/A       100%        6


Dungeon Overview and Level Annotations

Branches:
Dungeon (3/15)

Altars:
Ru
Wu Jian

Shops:
D:1 =   D:2 ?


Innate Abilities, Weirdness & Mutations

You regain HP and MP as you explore.


Message History

The orc priest hits you from afar with a +0 trident.
You block the orc's attack.
You hit the orc. You freeze the orc.
You kill the orc!
You block the orc priest's attack.
Found a scroll labelled MYVIN XUVU.
The orc priest barely misses you.
Things that are here:
a +0 club; a +0 whip; an orc corpse The orc priest completely misses you.
You hit the orc priest but do no damage.
The orc priest closely misses you.
You hit the orc priest but do no damage.
The orc priest invokes the aid of Beogh against you.
You barely resist. You closely miss the orc priest.
The orc priest hits you but does no damage.
You hit the orc priest but do no damage.
The orc priest hits you with a +0 trident.
You barely miss the orc priest. The orc priest barely misses you.
You hit the orc priest but do no damage.
The orc priest hits you with a +0 trident.
You hit the orc priest but do no damage.
The orc priest hits you with a +0 trident.
The orc priest shouts, "Surrender to Beogh and we'll let you live!" (press Y on the ability menu to convert to Beogh)
An orc priest is nearby!
You hit the orc priest but do no damage.
The orc priest hits you with a +0 trident.
You barely miss the orc priest.
The orc priest calls down the wrath of Beogh upon you.
Pain shoots through your body!
* * * LOW HITPOINT WARNING * * *
You feel very mighty all of a sudden. You block the orc priest's attack.
You hit the orc priest. You freeze the orc priest.
The orc priest is moderately wounded.
The orc priest shouts, "The Pantheon deserves no one's loyalty.
Let us show you the true path!"
The orc priest mumbles some strange prayers to Beogh against you.
Beogh smites you!
You die...

#.# #.# #### #.#
..... #.#
.....##+## #.#
.......# #.#
#.....# #.#
#.....# #.#
#...@o# #.#
#....)######.#
..?.###+#.......#
... +....._†..#.#
. ###.........#
#.........##
#...$..ß....#
###.........#
##.......##


You could see an orc priest.

Vanquished Creatures
  3 adders
  2 orcs (D:3)
  4 ball pythons
  5 bats
  7 endoplasms
  2 giant cockroaches
  8 goblins
  7 hobgoblins
  4 jackals (D:2)
  2 quokkas
  2 frilled lizards (D:1)
  A kobold (D:2)
  4 rats
51 creatures vanquished.

Notes
Turn   | Place    | Note
-------+----------+-------------------------------------------
     0 | D:1      | seaoflcl the Human Fighter began the quest for the Orb.
     0 | D:1      | Reached XP level 1. HP: 18/18 MP: 1/1
   328 | D:1      | Reached XP level 2. HP: 10/24 MP: 2/2
   628 | D:1      | Found Muwoclaij's Jewellery Shoppe.
  1039 | D:1      | Reached XP level 3. HP: 29/29 MP: 3/3
  1623 | D:2      | Found Vaffox's Magic Scroll Shop.
  1898 | D:2      | Reached XP level 4. HP: 30/35 MP: 4/4
  2178 | D:3      | Found a sacrificial altar of Ru.
  2179 | D:3      | Found an ornate altar of the Wu Jian Council.
  2209 | D:3      | Killed from afar by an orc priest

Illustrated notes

Levels and vault maps discovered:
D:1:      tarquinn_simple_flora_water_a, layout_basic, serial_shops, shop,
          serial_forest, infiniplex_forest_lined_3_way,
          infiniplex_forest_lined_4_way, infiniplex_forest_clump_long,
          infiniplex_forest_straight_2, infiniplex_forest_clump_cross,
          infiniplex_forest_corner_2, infiniplex_forest_clump_curved,
          minmay_misc_feat_iff, minmay_pentomino_q2
D:2:      layout_rooms, serial_shops, shop
D:3:      layout_basic, xom_confusion_cloud, grunt_temple_overflow_open,
          kennysheep_potato

Action                     |  1- 3 |  4- 6 || total
---------------------------+-------+-------++-------
  Melee: Long sword        |   194 |    14 ||   208
         Short sword       |       |    40 ||    40
    Use: Potion            |       |     1 ||     1
 Armour: Scale mail        |    97 |    28 ||   125
  Dodge: Dodged            |    59 |    30 ||    89
  Block: Buckler           |    32 |    13 ||    45

Table legend: (Time is in decaauts)
 A = Elapsed time spent in this place.
 B = Non-inter-level travel time spent in this place.
 C = Inter-level travel time spent in this place.
 D = Time resting spent in this place.
 E = Time spent auto-exploring this place.
 F = Levels seen in this place.
 G = Mean time per level.
                   A        B        C        D        E       F      G
               +--------+--------+--------+--------+--------+-----+--------+
         Total |   2273 |   2130 |    143 |    315 |   1227 |   3 |  757.7 |
       Dungeon |   2273 |   2130 |    143 |    315 |   1227 |   3 |  757.7 |
               +--------+--------+--------+--------+--------+-----+--------+

Top non-repeatable levels by time:
     D:1: 1646 daAuts
     D:2: 506 daAuts
     D:3: 119 daAuts
